 Dungeon Sprint DCSS version 0.28-a0-1387-g3a22ab9bdc (webtiles) character file.

Game seed: 14757917589545426813

511266 HallandMoats the End of an Era (level 19, 189/189 HPs)
             Began as a Demonspawn Monk on Jan 3, 2022.
             Was the Champion of Qazlal.
             Escaped with the Orb!
             The game lasted 00:43:38 (9147 turns).

HallandMoats the End of an Era (Demonspawn Monk)    Turns: 9147, Time: 00:43:38

Health: 189/189    AC: 32    Str: 20    XL:     19   Next: 80%
Magic:  27/27      EV: 25    Int:  8    God:    Qazlal [******]
Gold:   0          SH: 23    Dex: 23    Spells: 30/30 levels left

rFire   + + .      SeeInvis +   a - +14 obsidian axe {vorpal, Mesm Drain Fly SInv}
rCold   + + +      Faith    .   z - +3 warlock's mirror {reflect}
rNeg    + + +      Spirit   +   i - +5 gold dragon scales
rPois   +          Reflect  +   (helmet unavailable)
rElec   .          Harm     .   F - +0 cloak {rPois}
rCorr   .          Rampage  .   D - +3 Mad Mage's Maulers {Infuse+∞ RegenMP Int-3}
Will    ++++.      NoTele   +   E - -3 pair of boots of the Pleiades {rC++ Will+ Str-2}
Stlth   ..........              P - amulet "Segu" {Spirit rPois}
HPRegen 0.41/turn               G - ring "Diugriw" {rF+ rN+ Will++ Str+3 SInv}
MPRegen 0.60/turn               u - ring "Taetryemu" {+Blink rPois rN+++ MP-9 Dex+6}

@: flying, studying 5 skills, repel missiles
A: antennae 3, foul stench 1, powered by death 3, sturdy frame 3, deformed body,
subdued magic 1
0: Orb of Zot
a: Renounce Religion, Evoke Blink, Upheaval, Elemental Force, Disaster Area


You escaped.
You worshipped Qazlal.
Qazlal was exalted by your worship.
You visited 1 branch

Inventory:

Hand Weapons
 a - the +14 obsidian axe (weapon) {vorpal, Mesm Drain Fly SInv}
   (You found it in the Dungeon)

   It inflicts extra damage upon your enemies.
   It occasionally summons demons to assist the wielder when it strikes in
   combat.
   Its wielder is mesmerised by any visible foes.
   It cannot be unequipped while any foes are visible.
   SInv:      It lets you see invisible.
   Fly:       It grants you flight.
   Drain:     It drains your maximum health when unequipped.
 K - the +9 staff of Olgreb {rPois∞}
   (You found it in the Dungeon)

   If the wielder is skilled in Evocations, they can envenom those struck by it,
   dealing poison damage which bypasses armour.
   It enhances your poison magic.
   It grants immunity to poison.
   It can be evoked to radiate toxic energy, with effectiveness depending on
   Evocations skill.
Missiles
 x - a throwing net (quivered)
Armour
 b - the +18 shield of the Gong {rElec rN+ Will+ EV-5}
   (You found it in the Dungeon)

   It is deafeningly noisy when blocking attacks.
   EV:        It affects your evasion (-5).
   rElec:     It insulates you from electricity.
   rN:        It protects you from negative energy.
   Will:      It increases your willpower.
 i - +5 gold dragon scales (worn)
 z - the +3 warlock's mirror (worn) {reflect}
   (You found it in the Dungeon)

   It can block and reflect piercing ranged attacks and magical attacks against
   the wielder's willpower.
 D - the +3 Mad Mage's Maulers (worn) {Infuse+∞ RegenMP Int-3}
   (You found it in the Dungeon)

   It empowers its wearer's blows with all of their magic.
   It causes its wearer's magical reserves to regenerate more quickly.
   Int:       It affects your intelligence (-3).
 E - the -3 pair of boots of the Pleiades (worn) {rC++ Will+ Str-2}
   (You found it in the Dungeon)

   Str:       It affects your strength (-2).
   rC:        It greatly protects you from cold.
   Will:      It increases your willpower.
 F - a +0 cloak of poison resistance (worn)
 H - the +2 hat of the Bear Spirit {Spirit, *Rage Will++}
   (You found it in the Dungeon)

   Going berserk makes the wearer tougher, and they're slowed less afterward.
   *Rage:     It berserks you when you make melee attacks (+20% chance).
   Will:      It greatly increases your willpower.
 M - the +2 shield of Resistance {rF++ rC++ Will++}
   (You found it in the Dungeon)

   rF:        It greatly protects you from fire.
   rC:        It greatly protects you from cold.
   Will:      It greatly increases your willpower.
Jewellery
 m - the ring "Macuozug" {rPois rF++ rC- Will+++ rCorr}
   (You found it in the Dungeon)

   [ring of poison resistance]

   rF:        It greatly protects you from fire.
   rC:        It makes you vulnerable to cold.
   rPois:     It protects you from poison.
   rCorr:     It protects you from acid and corrosion.
   Will:      It greatly increases your willpower.
 s - the ring "Noskoqoimm" {rF+ rN++ Will- EV+4 Dex+4}
   (You found it in the Dungeon)

   [ring of evasion]

   EV:        It affects your evasion (+4).
   Dex:       It affects your dexterity (+4).
   rF:        It protects you from fire.
   rN:        It greatly protects you from negative energy.
   Will:      It decreases your willpower.
 t - a +6 ring of strength
 u - the ring "Taetryemu" (right hand) {+Blink rPois rN+++ MP-9 Dex+6}
   (You found it in the Dungeon)

   [ring of dexterity]

   Dex:       It affects your dexterity (+6).
   rPois:     It protects you from poison.
   rN:        It renders you almost immune to negative energy.
   MP:        It affects your magic capacity (-9).
   +Blink:    It lets you blink.
 G - the ring "Diugriw" (left hand) {rF+ rN+ Will++ Str+3 SInv}
   (You found it in the Dungeon)

   [ring of protection from fire]

   Str:       It affects your strength (+3).
   rF:        It protects you from fire.
   rN:        It protects you from negative energy.
   SInv:      It lets you see invisible.
   Will:      It greatly increases your willpower.
 P - the amulet "Segu" (around neck) {Spirit rPois}
   (You found it in the Dungeon)

   [amulet of guardian spirit]

   It causes incoming damage to be divided between your reserves of health and
   magic.
   rPois:     It protects you from poison.
Scrolls
 h - 4 scrolls of blinking
 o - 4 scrolls of amnesia
 p - 7 scrolls of fog
 q - 5 scrolls of identify
 r - 2 scrolls of fear
 v - 6 scrolls of brand weapon
 T - 4 scrolls of enchant weapon
Potions
 c - 10 potions of curing
 d - 21 potions of heal wounds
 e - 13 potions of haste
 f - a potion of magic
 g - a potion of berserk rage
 j - 2 potions of brilliance
 k - a potion of invisibility
 l - 3 potions of resistance
 n - a potion of might
Miscellaneous
 w - a piece from Xom's chessboard (15/15)
 y - a piece from Xom's chessboard (15/15)
 B - a piece from Xom's chessboard (15/15)
 C - a piece from Xom's chessboard (15/15)
 I - a piece from Xom's chessboard (15/15)
 J - a piece from Xom's chessboard (15/15)
 N - a piece from Xom's chessboard (15/15)
 O - a piece from Xom's chessboard (15/15)
 Q - a piece from Xom's chessboard (15/15)
 R - a phantom mirror


   Skills:
 O Level 27 Fighting
 + Level 8.8 Short Blades
 O Level 27 Axes
 + Level 8.8(19.7) Maces & Flails
 O Level 27 Armour
 O Level 27 Dodging
 - Level 1.7 Stealth
 O Level 27 Shields
 + Level 8.8 Unarmed Combat
 + Level 6.1 Spellcasting
 + Level 7.0 Necromancy
 + Level 8.9 Transmutations
 O Level 27 Invocations
 O Level 27 Evocations


You had 30 spell levels left.
You didn't know any spells.
Your spell library contained the following spells:

 Spells                   Type           Power      Damage    Failure   Level
 Wereblood                Tmut           12%        N/A       2%          2
 Animate Skeleton         Necr           20%        N/A       3%          1
 Pain                     Necr           40%        1d6       3%          1
 Sublimation of Blood     Necr           10%        N/A       6%          2
 Sting                    Tmut/Pois      28%        1d4       12%         1
 Vampiric Draining        Necr           10%        2d6       12%         3
 Passwall                 Tmut/Erth      5%         N/A       19%         2
 Corpse Rot               Necr/Air       12%        N/A       26%         2
 Spider Form              Tmut/Pois      7%         N/A       34%         3
 Animate Dead             Necr           5%         N/A       38%         4
 Dispel Undead            Necr           10%        3d9       38%         4
 Ignite Poison            Fire/Tmut/Pois 5%         N/A       54%         3
 Apportation              Tloc           2%         N/A       61%         1
 Sandblast                Erth           2%         2d4       61%         1
 Slow                     Hex            4%         N/A       61%         1
 Summon Small Mammal      Summ           4%         N/A       61%         1
 Blink                    Tloc           2%         N/A       75%         2
 Call Imp                 Summ           1%         N/A       75%         2
 Ensorcelled Hibernation  Hex/Ice        2%         N/A       75%         2
 Poisonous Vapours        Pois/Air       2%         N/A       75%         2
 Static Discharge         Conj/Air       1%         N/A       75%         2
 Ice Form                 Ice/Tmut       7%         N/A       77%         4
 Petrify                  Tmut/Erth      7%         N/A       77%         4
 Excruciating Wounds      Necr           5%         N/A       77%         5
 Call Canine Familiar     Summ           1%         N/A       93%         3
 Confusing Touch          Hex            1%         N/A       93%         3
 Conjure Flame            Conj/Fire      1%         6-21      93%         3
 Dazzling Flash           Conj/Hex       2%         N/A       93%         3
 Frozen Ramparts          Ice            2%         1d2       93%         3
 Gell's Gravitas          Tloc           1%         N/A       93%         3
 Inner Flame              Hex/Fire       1%         N/A       93%         3
 Lesser Beckoning         Tloc           1%         N/A       93%         3
 Mephitic Cloud           Conj/Pois/Air  1%         N/A       93%         3
 Ozocubu's Armour         Ice            1%         N/A       93%         3
 Portal Projectile        Hex/Tloc       2%         N/A       93%         3
 Stone Arrow              Conj/Erth      2%         3d7       93%         3
 Summon Guardian Golem    Hex/Summ       1%         N/A       93%         3
 Swiftness                Air            1%         N/A       93%         3
 Teleport Other           Tloc           1%         N/A       93%         3
 Tukima's Dance           Hex            1%         N/A       93%         3
 Alistair's Intoxication  Tmut/Pois      4%         N/A       98%         5
 Irradiate                Conj/Tmut      3%         3d15      98%         5
 Yara's Violent Unravell  Hex/Tmut       3%         3d4       98%         5
 Borgnjor's Vile Clutch   Necr/Erth      3%         N/A       99%         5
 Animate Armour           Summ/Erth      2%         N/A       100%        4
 Cause Fear               Hex            0%         N/A       100%        4
 Fulminant Prism          Conj/Hex       0%         3d6       100%        4
 Hailstorm                Conj/Ice       1%         3d3       100%        4
 Iskenderun's Mystic Bla  Conj/Tloc      1%         2d3       100%        4
 Leda's Liquefaction      Hex/Erth       0%         N/A       100%        4
 Olgreb's Toxic Radiance  Pois           1%         N/A       100%        4
 Passage of Golubria      Tloc           1%         N/A       100%        4
 Sticky Flame             Conj/Fire      1%         2d3       100%        4
 Summon Ice Beast         Ice/Summ       1%         N/A       100%        4
 Fireball                 Conj/Fire      0%         3d3       100%        5
 Freezing Cloud           Conj/Ice/Air   0%         6-21      100%        5
 Iskenderun's Battlesphe  Conj           1%         2d6       100%        5
 Lee's Rapid Deconstruct  Erth           0%         3d5*      100%        5
 Lightning Bolt           Conj/Air       0%         1d11      100%        5
 Manifold Assault         Tloc           1%         N/A       100%        5
 Metabolic Englaciation   Hex/Ice        0%         N/A       100%        5
 Silence                  Hex/Air        0%         N/A       100%        5
 Summon Forest            Summ/Tloc      0%         N/A       100%        5
 Summon Mana Viper        Hex/Summ       1%         N/A       100%        5
 Conjure Ball Lightning   Conj/Air       0%         3x3d6     100%        6
 Death Channel            Necr           5%         N/A       100%        6
 Eringya's Noxious Bog    Tmut/Pois      3%         N/A       100%        6
 Iron Shot                Conj/Erth      0%         9d1       100%        6
 Simulacrum               Ice/Necr       3%         N/A       100%        6
 Statue Form              Tmut/Erth      4%         N/A       100%        6
 Summon Cactus Giant      Summ           0%         N/A       100%        6
 Dragon Form              Tmut           6%         N/A       100%        7
 Enfeeble                 Hex            0%         N/A       100%        7
 Haunt                    Necr/Summ      3%         N/A       100%        7
 Malign Gateway           Summ/Tloc      0%         N/A       100%        7
 Monstrous Menagerie      Summ           0%         N/A       100%        7
 Orb of Destruction       Conj           0%         N/A       100%        7
 Ozocubu's Refrigeration  Ice            0%         4d5       100%        7
 Spellforged Servitor     Conj/Summ      0%         N/A       100%        7
 Storm Form               Tmut/Air       3%         N/A       100%        7
 Summon Hydra             Summ           0%         N/A       100%        7
 Discord                  Hex            0%         N/A       100%        8
 Disjunction              Tloc           0%         N/A       100%        8
 Infestation              Necr           5%         N/A       100%        8
 Lehudib's Crystal Spear  Conj/Erth      0%         10d2      100%        8
 Maxwell's Capacitive Co  Air            0%         ∞         100%        8
 Summon Horrible Things   Summ           0%         N/A       100%        8
 Chain Lightning          Conj/Air       0%         2d1       100%        9
 Fire Storm               Conj/Fire      0%         6d1       100%        9
 Shatter                  Erth           0%         3d5*      100%        9


Dungeon Overview and Level Annotations

Branches:
Dungeon (1/1)

Altars:
Ashenzari
Cheibriados
Dithmenos
Elyvilon
Fedhas
Gozag
Hepliaklqana
Kikubaaqudgha
Makhleb
Nemelex Xobeh
Okawaru
Qazlal
Ru
Sif Muna
Trog
Uskayaw
Vehumet
Wu Jian
Xom
Yredelemnul
Zin
The Shining One
Beogh
Jiyva
Lugonu


Innate Abilities, Weirdness & Mutations

You have a pair of large antennae on your head. (SInv)
You may rarely emit foul miasma when damaged in melee.
You regenerate a lot of health from kills.
Your movements are significantly less encumbered by armour. (ER -6)
Armour fits poorly on your strangely shaped body.
Your spells are a little easier to cast, but a little less powerful.


Message History

You see here the Orb of Zot.
You pick up the Orb of Zot!
The Orb lets out a hideous shriek!
The lords of Pandemonium are not amused.
Beware!
Now all you have to do is get back out of the dungeon!
You start resting.
You sense a monster nearby.
You start resting.
An ice devil comes into view.
An ice devil is nearby!
An ice devil is nearby!
An ice devil is nearby!
You slice the ice devil!!
The ice devil is heavily wounded.
Visions of slaying the ice devil flood into your mind.
You slice the ice devil!!
You are no longer entranced.
You kill the ice devil!
Qazlal accepts your kill.
Your Necromancy skill increases to level 7!
An exit appears before you!
There is a transporter landing site here.
There is a transporter landing site here.
You can't go up here!
You can't go down here!
There is a staircase leading out of the dungeon here.
You start resting.
Magic restored.
You start waiting.
You sense a monster nearby.
You start waiting.
You sense a monster nearby.
You start waiting.
You sense a monster nearby.
You start waiting.
You sense a monster nearby.
There is a staircase leading out of the dungeon here.
You start waiting.
You sense a monster nearby.
You can't go down here!
You have escaped!

{{
▓▓▓▓▓▓▓▓▓▓▓▓▓▓▓
▓8888888888888▓
▓8...§°......8▓
▓8..@§....©..8▓
▓8..○........8▓
▓8888888888888▓
▓▓▓▓▓▓▓▓▓▓▓▓▓▓▓
{


{{{{{{ {{{{{{{{{{{{{ {{{{{{ {{{{{{{{{{{{{ There were no monsters in sight!

Vanquished Creatures
  A profane servitor (D)
  8 Brimstone Fiends (D)
  A Tzitzimitl (D)
  15 hellephants (D)
  10 Ice Fiends (D)
  12 Orb Guardians (D)
  A lich (D)
  16 searing wretches (D)
  2 Hell Sentinels (D)
  7 acid blobs (D)
  9 deep elf blademasters (D)
  A titan (D)
  3 deep elf master archers (D)
  3 Executioners (D)
  2 krakens (D)
  A daeva (D)
  8 nagarajas (D)
  4 azure jellies (D)
  12 pandemonium lords (D)
  5 rockslimes (D)
  7 narguns (D)
  3 fire giants (D)
  4 deep elf sorcerers (D)
  17 balrugs (D)
  An orc warlord (D)
  4 frost giants (D)
  3 demonspawn blood saints (D)
  A reaper (D)
  A quicksilver ooze (D)
  A lorocyproca (D)
  A demonspawn black sun (D)
  12 wendigos (D)
  6 deep elf annihilators (D)
  An ettin (D)
  7 blizzard demons (D)
  4 merfolk javelineers (D)
  2 green deaths (D)
  A great orb of eyes (D)
  7 merfolk impalers (D)
  5 naga warriors (D)
  2 deep elf high priests (D)
  4 hydras (D)
  2 hell beasts (D)
  An ice dragon (D)
  3 merfolk aquamancers (D)
  4 catoblepae (D)
  11 anacondas (D)
  4 dancing weapons (D)
  A death yak (D)
  A satyr (D)
  2 hell hogs (D)
  3 orc high priests (D)
  5 deep elf knights (D)
  11 sun demons (D)
  2 soul eaters (D)
  A sixfirhy (D)
  A sea snake (D)
  2 large abominations (D)
  3 deep elf archers (D)
  2 glowing orange brains (D)
  2 necromancers (D)
  2 deep elf pyromancers (D)
  2 starcursed masses (D)
  6 deep elf zephyrmancers (D)
  2 orc knights (D)
  An oklob plant (D)
  A cyclops (D)
  A manticore (D)
  7 shining eyes (D)
  3 elephants (D)
  A black mamba (shapeshifter) (D)
  10 black mambas (D)
  4 toenail golems (D)
  7 naga magi (D)
  A rust devil (D)
  4 guardian serpents (D)
  2 merfolk sirens (D)
  7 cane toads (D)
  3 orange demons (D)
  A cane toad (shapeshifter) (D)
  An efreet (D)
  6 hellions (D)
  5 rime drakes (D)
  A demonic crawler (D)
  11 tormentors (D)
  3 freezing wraiths (D)
  5 komodo dragons (D)
  8 ice devils (D)
  5 hellwings (D)
  5 merfolk (D)
  3 red devils (D)
  A troll (D)
  3 polar bears (D)
  2 wind drakes (D)
  3 blink frogs (D)
  A dream sheep (D)
  2 snapping turtles (D)
  13 slime creatures (D)
  A shadow (D)
  2 water elementals (D)
  An air elemental (D)
  2 vampires (D)
  A ynoxinul (D)
  A fire elemental (D)
  4 basilisks (D)
  2 yaks (D)
  7 golden eyes (D)
  3 small abominations (D)
  5 chaos spawn (D)
  A neqoxec (D)
  7 nagas (D)
  A warg (D)
  28 water moccasins (D)
  5 floating eyes (D)
  An ice beast (D)
  8 orc warriors (D)
  3 necrophages (D)
  4 wolves (D)
  3 ogres (D)
  2 centaurs (D)
  A phantom (D)
  A bullfrog (D)
  7 earth elementals (D)
  2 wights (D)
  3 crimson imps (D)
  A quasit (D)
  2 iron imps (D)
  3 jellies (D)
  3 orc wizards (D)
  2 adders (D)
  3 shadow imps (D)
  A white imp (D)
  2 ufetubi (D)
  2 adder zombies (D)
  5 adder simulacra (D)
  An orc (D)
  2 bat skeletons (D)
  A bat zombie (D)
  An endoplasm (D)
  5 ball pythons (D)
  3 ball python simulacra (D)
  A ball python skeleton (D)
  A bat simulacrum (D)
  A giant cockroach simulacrum (D)
  A jackal simulacrum (D)
  A quokka simulacrum (D)
  A quokka skeleton (D)
  2 lurking horrors (D)
  3 tentacles (D)
573 creatures vanquished.

Vanquished Creatures (collateral kills)
  A Tzitzimitl (D)
  A hellephant (D)
  An Ice Fiend (D)
  2 frost giants (D)
  A deep elf annihilator (D)
  2 hydras (D)
  A boulder beetle (D)
  A sun demon (D)
  2 harpies (shapeshifter) (D)
  A shining eye (D)
  2 orange demons (D)
  A cane toad (D)
  A cane toad (shapeshifter) (D)
  A freezing wraith (D)
  2 komodo dragons (D)
  An ice devil (D)
  2 merfolk (D)
  A troll (shapeshifter) (D)
  A golden eye (D)
  A yak (D)
  A chaos spawn (D)
  A naga (D)
  A black bear (D)
  2 orc warriors (D)
  A wolf (D)
  A phantom (D)
  A small abomination (D)
  2 jellies (D)
  An iron imp (D)
  An orc (D)
38 creatures vanquished.

Vanquished Creatures (others)
  2 Tzitzimimeh (D)
  A profane servitor (D)
  A Brimstone Fiend (D)
  2 Orb Guardians (D)
  An Executioner (D)
  2 daevas (D)
  2 angels (D)
  2 cacodemons (D)
  A lorocyproca (D)
  A green death (D)
  2 sun demons (D)
  2 sixfirhies (D)
  6 large abominations (D)
  A cherub (D)
  A guardian serpent (shapeshifter) (D)
  3 smoke demons (D)
  2 orange demons (D)
  A demonic crawler (D)
  A red devil (D)
  2 neqoxecs (D)
  2 chaos spawn (D)
  2 small abominations (D)
  An ufetubus (D)
  A hobgoblin (D)
  2 ball python simulacra (D)
  5 tentacles (D)
49 creatures vanquished.

Grand Total: 660 creatures vanquished

Notes
Turn   | Place    | Note
-------+----------+-------------------------------------------
     0 | D        | HallandMoats the Demonspawn Monk began the quest for the
                  | Orb.
     0 | D        | Reached XP level 1. HP: 18/18 MP: 1/1
     4 | D        | Found a blossoming altar of Fedhas.
     4 | D        | Found the +6 Majin-Bo {vamp, MP+6 Int+6}
     4 | D        | Found the +9 heavy crossbow "Sniper" {vorpal, Acc+∞ SInv}
     4 | D        | Found the +10 dark maul {vorpal}
     4 | D        | Found the +15 Maxwell's patent armour {-Cast -Tele rElec
                  | Will+ rCorr}
     4 | D        | Found the +18 shield of the Gong {rElec rN+ Will+ EV-5}
     4 | D        | Found the +14 obsidian axe {vorpal, Mesm Drain Fly SInv}
     4 | D        | Found the +7 great mace "Firestarter" {inner flame, rF++}
     4 | D        | Found the +6 shillelagh "Devastator" {shatter}
     4 | D        | Found the +11 plutonium sword {Contam Stlth-}
     4 | D        | Found the +8 lance "Wyrmbane" {slay drac, rPois rF+ rC+
                  | AC+3}
     4 | D        | Found the +9 sword of Zonguldrok {reap}
     4 | D        | Found the +13 scythe of Curses {drain, Drain}
     4 | D        | Found the +5 sword of Power {vorpal}
     4 | D        | Found the +7 mace of Variability {chain chaos}
     4 | D        | Found the +7 Singing Sword {vorpal, sonic wave}
     4 | D        | Found the +8 storm bow {elec, penet}
     5 | D        | Found a shimmering blue altar of Sif Muna.
     5 | D        | Found a sacrificial altar of Ru.
     5 | D        | Found a bloodstained altar of Trog.
     5 | D        | Found a stormy altar of Qazlal.
     5 | D        | Found an iron altar of Okawaru.
     5 | D        | Found a sparkling altar of Nemelex Xobeh.
     7 | D        | Found a transporter.
     7 | D        | Found an ancient bone altar of Kikubaaqudgha.
     7 | D        | Found a viscous altar of Jiyva.
     7 | D        | Found a corrupted altar of Lugonu.
     7 | D        | Found a hazy altar of Hepliaklqana.
     7 | D        | Found a burning altar of Makhleb.
     7 | D        | Found an opulent altar of Gozag.
    45 | D        | Gained mutation: Your movements are slightly less
                  | encumbered by armour. (ER -2) [demonic ancestry]
    45 | D        | Reached XP level 2. HP: 24/24 MP: 1/7
    50 | D        | Became a worshipper of Qazlal Stormbringer
    50 | D        | Reached * piety under Qazlal
    50 | D        | Reached ** piety under Qazlal
   107 | D        | Entered arena 2.
   107 | D        | Noticed a chaos spawn
   107 | D        | Found a transporter.
   112 | D        | Killed a chaos spawn
   113 | D        | Reached XP level 3. HP: 31/31 MP: 8/10
   113 | D        | Reached XP level 4. HP: 38/38 MP: 8/11
   113 | D        | Gained mutation: Your movements are less encumbered by
                  | armour. (ER -4) [demonic ancestry]
   113 | D        | Reached XP level 5. HP: 43/43 MP: 9/13
   118 | D        | Entered arena 3.
   118 | D        | Noticed a golden eye
   118 | D        | Noticed a golden eye
   118 | D        | Found a transporter.
   128 | D        | Killed a golden eye
   128 | D        | Reached *** piety under Qazlal
   129 | D        | Reached skill level 5 in Fighting
   129 | D        | Reached XP level 6. HP: 51/51 MP: 12/15
   135 | D        | Killed a golden eye
   136 | D        | Reached skill level 5 in Axes
   136 | D        | Reached skill level 5 in Dodging
   142 | D        | Got the ring "Macuozug" {rPois rF++ rC- Will+++ rCorr}
   145 | D        | Entered arena 4.
   145 | D        | Noticed a slime creature
   145 | D        | Found a transporter.
   150 | D        | Killed a slime creature
   150 | D        | Reached **** piety under Qazlal
   151 | D        | Gained mutation: You have a pair of small antennae on your
                  | head. [demonic ancestry]
   151 | D        | Reached XP level 7. HP: 59/59 MP: 17/17
   153 | D        | Got the Guide on the Compass and the Frostbite
   155 | D        | Got the ring of Uskayaw's Pride {+Blink Fly Int+5}
   158 | D        | Entered arena 5.
   158 | D        | Found a transporter.
   161 | D        | Reached skill level 5 in Armour
   161 | D        | Reached skill level 5 in Shields
   164 | D        | Reached ***** piety under Qazlal
   165 | D        | Reached XP level 8. HP: 59/67 MP: 18/18
   171 | D        | Entered arena 6.
   171 | D        | Found a transporter.
   183 | D        | Entered arena 7.
   184 | D        | Found a transporter.
   190 | D        | Reached ****** piety under Qazlal
   191 | D        | Reached skill level 15 in Invocations
   196 | D        | Entered arena 8.
   197 | D        | Found a transporter.
   207 | D        | Got the ring "Noskoqoimm" {rF+ rN++ Will- EV+4 Dex+4}
   211 | D        | Got the ring "Taetryemu" {+Blink rPois rN+++ MP-9 Dex+6}
   224 | D        | Entered arena 9.
   224 | D        | Noticed a raiju
   224 | D        | Noticed a blink frog
   224 | D        | Noticed a shining eye
   224 | D        | Noticed a troll
   224 | D        | Noticed a harpy
   224 | D        | Noticed a cane toad
   224 | D        | a blink frog changed into a cane toad
   225 | D        | Found a transporter.
   225 | D        | Noticed a black mamba
   225 | D        | a black bear changed into a black mamba
   226 | D        | Noticed a harpy
   226 | D        | a raiju changed into a harpy
   226 | D        | Noticed a cane toad
   226 | D        | a spriggan changed into a cane toad
   226 | D        | Killed a harpy
   227 | D        | Reached XP level 9. HP: 73/74 MP: 10/21
   228 | D        | Killed a cane toad
   228 | D        | Killed a troll
   230 | D        | Gained mutation: Armour fits poorly on your strangely
                  | shaped body. [a shining eye]
   231 | D        | Killed a black mamba
   231 | D        | Gained mutation: Your spells are a little easier to cast,
                  | but a little less powerful. [a shining eye]
   232 | D        | Killed a cane toad
   232 | D        | Killed a shining eye
   234 | D        | Killed a harpy
   235 | D        | Gained mutation: You regenerate a little health from kills.
                  | [demonic ancestry]
   235 | D        | Reached XP level 10. HP: 44/83 MP: 11/22
   477 | D        | Entered arena 10.
   477 | D        | Found the +10 Black Knight's barding {ponderous, rPois rN+}
   477 | D        | Noticed a toenail golem
   477 | D        | Noticed a toenail golem
   477 | D        | Noticed a toenail golem
   478 | D        | Found a transporter.
   488 | D        | Killed a toenail golem
   490 | D        | Killed a toenail golem
   491 | D        | Killed a toenail golem
   804 | D        | Entered arena 11.
   805 | D        | Found a transporter.
   811 | D        | Reached skill level 10 in Fighting
   836 | D        | Got the ring of Osapteu {rCorr SInv}
   851 | D        | Entered arena 12.
   851 | D        | Noticed a rockslime
   851 | D        | Noticed a great orb of eyes
   851 | D        | Noticed an acid blob
   852 | D        | Noticed an azure jelly
   852 | D        | Noticed a shining eye
   852 | D        | Noticed a shining eye
   853 | D        | Found a transporter.
   853 | D        | Paralysed by a floating eye for 4 turns
   857 | D        | Killed a shining eye
   857 | D        | Killed an azure jelly
   857 | D        | Killed a shining eye
   857 | D        | Killed a great orb of eyes
   858 | D        | Reached skill level 10 in Axes
   858 | D        | Reached skill level 10 in Dodging
   858 | D        | Gained mutation: You have a pair of antennae on your head.
                  | [demonic ancestry]
   858 | D        | Reached XP level 11. HP: 18/93 MP: 6/25
   863 | D        | Killed an acid blob
   863 | D        | Killed a rockslime
   864 | D        | Reached skill level 10 in Armour
   864 | D        | Reached skill level 10 in Shields
   874 | D        | Got the ring "Niufiss" {Drain Fly Str+2 Int+6 Dex+4}
  1009 | D        | Entered arena 13.
  1009 | D        | Noticed a necromancer
  1009 | D        | Noticed a lich
  1010 | D        | Identified the +11 glaive "Dragonbane" {speed, *Slow rCorr
                  | Str-3 Int+8}
  1010 | D        | Noticed a necromancer
  1011 | D        | Found a transporter.
  1013 | D        | Killed a necromancer
  1013 | D        | Killed a lich
  1015 | D        | Killed a necromancer
  1062 | D        | Entered arena 14.
  1062 | D        | Noticed a Brimstone Fiend
  1063 | D        | Noticed an Ice Fiend
  1063 | D        | Noticed Muriaff the pandemonium lord
  1063 | D        | Noticed a demonspawn blood saint
  1063 | D        | Noticed Niph the pandemonium lord
  1063 | D        | Identified the ring "Dereoz" {+Blink rF+++ Will- Int+6
                  | Stlth-}
  1063 | D        | Noticed a balrug
  1063 | D        | Noticed Sainuil the pandemonium lord
  1065 | D        | Killed a balrug
  1065 | D        | Killed a demonspawn blood saint
  1065 | D        | Killed an Ice Fiend
  1065 | D        | Killed a Brimstone Fiend
  1065 | D        | Killed Sainuil the pandemonium lord
  1066 | D        | Reached XP level 12. HP: 105/105 MP: 8/27
  1066 | D        | Killed Niph the pandemonium lord
  1082 | D        | Killed Muriaff the pandemonium lord
  1083 | D        | Gained mutation: You regenerate health from kills. [demonic
                  | ancestry]
  1083 | D        | Reached XP level 13. HP: 112/112 MP: 10/29
  1083 | D        | Found a transporter.
  1129 | D        | Entered arena 15.
  1129 | D        | Noticed a wendigo
  1129 | D        | Noticed a nargun
  1129 | D        | Noticed a wendigo
  1130 | D        | Noticed a wendigo
  1130 | D        | Found the +8 whip "Snakebite" {venom, curare, rPois}
  1131 | D        | Noticed a wendigo
  1133 | D        | Killed a wendigo
  1133 | D        | Killed a wendigo
  1133 | D        | Killed a wendigo
  1133 | D        | Killed a wendigo
  1140 | D        | Killed a nargun
  1141 | D        | Found a transporter.
  1149 | D        | Got the ring "Qyganoenk" {Will+ Str+4 Int+6}
  1152 | D        | Got the Almanac of Supportive Conjuration
  1180 | D        | Entered arena 16.
  1180 | D        | Noticed a balrug
  1180 | D        | Noticed Meufu the pandemonium lord
  1180 | D        | Noticed Peukkeig the pandemonium lord
  1181 | D        | Noticed a lorocyproca
  1181 | D        | Noticed an Executioner
  1181 | D        | Noticed a demonspawn black sun
  1181 | D        | Noticed Jefeekla the pandemonium lord
  1181 | D        | Found the +3 Mad Mage's Maulers {Infuse+∞ RegenMP Int-3}
  1181 | D        | Noticed Meggo the pandemonium lord
  1182 | D        | Killed a lorocyproca
  1182 | D        | Killed a balrug
  1182 | D        | Killed an Executioner
  1183 | D        | Killed a demonspawn black sun
  1183 | D        | Killed Meufu the pandemonium lord
  1183 | D        | Killed Peukkeig the pandemonium lord
  1183 | D        | Killed Jefeekla the pandemonium lord
  1183 | D        | Killed Meggo the pandemonium lord
  1184 | D        | Reached skill level 15 in Fighting
  1184 | D        | Found the +8 mithril axe "Arga" {speed, Will+}
  1185 | D        | Found a transporter.
  1243 | D        | Entered arena 17.
  1245 | D        | Noticed a nagaraja
  1246 | D        | Identified the ring "Noisem" {rN+ Will+ AC+4}
  1250 | D        | Reached skill level 27 in Invocations
  1250 | D        | Gained mutation: You regenerate a lot of health from kills.
                  | [demonic ancestry]
  1250 | D        | Reached XP level 14. HP: 123/123 MP: 22/31
  1250 | D        | Found a transporter.
  1262 | D        | Killed a nagaraja
  1276 | D        | Got the ring "Wuriut" {rF+ Slay+2}
  1278 | D        | Got the Reference Book on Vitriolic Evil
  1314 | D        | Entered arena 18.
  1316 | D        | Noticed a starcursed mass
  1465 | D        | Found a transporter.
  1473 | D        | Got the +7 great sword "Tycvew" {spect, rC++ Str-2 Int+7}
  1482 | D        | Got the -3 pair of boots of the Pleiades {rC++ Will+ Str-2}
  1503 | D        | Entered arena 19.
  1506 | D        | Found the +2 hat of the Bear Spirit {Spirit, *Rage Will++}
  1506 | D        | Found the +5 robe of Misfortune {Harm *Corrode *Slow EV+5}
  1507 | D        | Found the dreamshard necklace {*Dream Drain}
  1515 | D        | Reached skill level 15 in Axes
  1517 | D        | Reached skill level 15 in Dodging
  1590 | D        | Found a transporter.
  1646 | D        | Entered arena 20.
  1651 | D        | Noticed an orc warlord
  1651 | D        | Identified the +7 quarterstaff "Killer Bee's Death" {holy,
                  | +Blink rF+}
  1653 | D        | Killed an orc warlord
  1654 | D        | Reached skill level 15 in Armour
  1654 | D        | Reached skill level 15 in Shields
  1654 | D        | Found a transporter.
  1678 | D        | Entered arena 21.
  1683 | D        | Identified the +0 plate armour of the Volcano {Str+6}
  1684 | D        | Noticed a kraken
  1691 | D        | Reached XP level 15. HP: 137/137 MP: 1/32
  1693 | D        | Noticed a kraken
  1701 | D        | Killed a kraken
  1704 | D        | Found a transporter.
  1706 | D        | Killed a kraken
  1714 | D        | Got the Handbook of Ashen Beguiling
  1747 | D        | Entered arena 22.
  1750 | D        | Noticed an Ice Fiend
  1750 | D        | Noticed a frost giant
  1751 | D        | Noticed a frost giant
  1751 | D        | Noticed a frost giant
  1751 | D        | Noticed a frost giant
  1752 | D        | Noticed a frost giant
  1753 | D        | Killed a frost giant
  1753 | D        | Killed a frost giant
  1753 | D        | Killed a frost giant
  1756 | D        | Killed an Ice Fiend
  1756 | D        | Killed a frost giant
  1756 | D        | Killed a frost giant
  1757 | D        | Found the +9 staff of Olgreb {rPois∞}
  1761 | D        | Found a transporter.
  1769 | D        | Got the Papyrus of Glamour
  1791 | D        | Entered arena 23.
  1796 | D        | Noticed an Ice Fiend
  1796 | D        | Noticed an Ice Fiend
  1796 | D        | Noticed a nargun
  1796 | D        | Noticed an Ice Fiend
  1796 | D        | Noticed a titan
  1796 | D        | Noticed an Ice Fiend
  1797 | D        | Noticed an Ice Fiend
  1797 | D        | Noticed a nargun
  1797 | D        | Noticed a nargun
  1797 | D        | Noticed a nargun
  1797 | D        | Noticed an Ice Fiend
  1797 | D        | Noticed an Ice Fiend
  1797 | D        | Noticed a nargun
  1797 | D        | Noticed an Ice Fiend
  1798 | D        | Noticed an azure jelly
  1798 | D        | Noticed a frost giant
  1798 | D        | Noticed a nargun
  1800 | D        | Killed a frost giant
  1800 | D        | Killed an azure jelly
  1800 | D        | Killed a titan
  1800 | D        | Killed a nargun
  1800 | D        | Killed an Ice Fiend
  1800 | D        | Killed an Ice Fiend
  1800 | D        | Killed a nargun
  1800 | D        | Killed a nargun
  1800 | D        | Killed an Ice Fiend
  1800 | D        | Killed a nargun
  1802 | D        | Killed an Ice Fiend
  1802 | D        | Killed a nargun
  1802 | D        | Killed an Ice Fiend
  1802 | D        | Killed a nargun
  1802 | D        | Killed an Ice Fiend
  1802 | D        | Killed an Ice Fiend
  1803 | D        | Reached XP level 16. HP: 26/155 MP: 9/33
  1811 | D        | Killed an Ice Fiend
  1813 | D        | Found the +3 warlock's mirror {reflect}
  1813 | D        | Found the +8 longbow "Zephyr" {speed, Dex+3 SInv}
  1814 | D        | Found a transporter.
  1855 | D        | Got the ring "Xysy" {rPois rF+ Will+}
  1868 | D        | Got the ring "Diugriw" {rF+ rN+ Will++ Str+3 SInv}
  1921 | D        | Entered arena 24.
  1926 | D        | Noticed an acid blob
  1927 | D        | Noticed an acid blob
  1928 | D        | Noticed an acid blob
  1928 | D        | Noticed an acid blob
  1928 | D        | Noticed an acid blob
  1929 | D        | Killed an acid blob
  1929 | D        | Killed an acid blob
  1929 | D        | Killed an acid blob
  1929 | D        | Killed an acid blob
  1929 | D        | Killed an acid blob
  1929 | D        | Killed an acid blob
  1931 | D        | Found a transporter.
  1931 | D        | Found the +4 skin of Zhor {*Englaciate rC+++ SInv}
  1957 | D        | Got the ring "Weenynie" {Str+6 Dex+5 Slay-3}
  1968 | D        | Entered arena 25.
  1975 | D        | Found the +2 shield of Resistance {rF++ rC++ Will++}
  1981 | D        | Found a transporter.
  1992 | D        | Got the ring "Luut Igy" {rCorr Dex+4}
  2014 | D        | Got the ring of Ignis's Benevolence {Int+3 SInv}
  2019 | D        | Got the amulet "Segu" {Spirit rPois}
  2029 | D        | Got the ring "Zaam" {rC+ Dex+5}
  2039 | D        | Entered arena 26.
  2047 | D        | Noticed a deep elf blademaster
  2047 | D        | Noticed a deep elf blademaster
  2048 | D        | Noticed a deep elf blademaster
  2048 | D        | Noticed a deep elf blademaster
  2048 | D        | Noticed a deep elf blademaster
  2048 | D        | Noticed a deep elf blademaster
  2048 | D        | Noticed a deep elf blademaster
  2048 | D        | Noticed a deep elf blademaster
  2049 | D        | Noticed a deep elf master archer
  2049 | D        | Noticed a deep elf blademaster
  2049 | D        | Identified the +9 great sword "Xelaem" {flame, rElec Will+}
  2049 | D        | Identified the ring "Tigg" {rPois rC+ rN+ Str-3}
  2050 | D        | Identified the amulet of Ceriwijuot {RegenMP Rampage Int+4
                  | Stlth+}
  2050 | D        | Noticed a deep elf master archer
  2050 | D        | Killed a deep elf blademaster
  2050 | D        | Killed a deep elf blademaster
  2050 | D        | Killed a deep elf master archer
  2050 | D        | Killed a deep elf blademaster
  2050 | D        | Killed a deep elf blademaster
  2050 | D        | Killed a deep elf blademaster
  2050 | D        | Killed a deep elf blademaster
  2050 | D        | Killed a deep elf master archer
  2051 | D        | Reached skill level 27 in Fighting
  2051 | D        | Gained mutation: Your movements are significantly less
                  | encumbered by armour. (ER -6) [demonic ancestry]
  2051 | D        | Reached XP level 17. HP: 169/174 MP: 15/34
  2051 | D        | Killed a deep elf blademaster
  2057 | D        | Killed a deep elf blademaster
  2057 | D        | Killed a deep elf blademaster
  2061 | D        | Found a transporter.
  2061 | D        | Killed a deep elf master archer
  2075 | D        | Got Wivimala's Grimoire of Mutagenic Snow
  2093 | D        | Got the Grimoire of the Birds
  2099 | D        | Got Ypaf Teb's Guide on Clay
  2101 | D        | Got the Incunabulum of the Traveller and Intoxication
  2146 | D        | Entered arena 27.
  2155 | D        | Identified the +11 arbalest of Stained Forgiveness {flame,
                  | rElec Int+3 Dex+2 SInv}
  2157 | D        | Reached skill level 5 in Evocations
  2157 | D        | Identified the ring "Gulai" {MP+9 Int+5 Dex-5}
  2176 | D        | Found a transporter.
  2196 | D        | Got the Disquisition on Contamination and Transmigration
  2198 | D        | Got the ring "Udicvul" {+Blink Will++ MP+9 Int-4 SInv}
  2209 | D        | Got the Volume of Summoning and Evil Arts
  2222 | D        | Got Sif Muna's Reference Book on Poisoning
  2293 | D        | Entered arena 28.
  2301 | D        | Noticed a searing wretch
  2301 | D        | Noticed a searing wretch
  2301 | D        | Noticed a hellephant
  2301 | D        | Noticed a searing wretch
  2302 | D        | Noticed a searing wretch
  2302 | D        | Noticed a searing wretch
  2302 | D        | Noticed a Brimstone Fiend
  2302 | D        | Noticed a hellephant
  2302 | D        | Noticed a searing wretch
  2302 | D        | Noticed a hellephant
  2302 | D        | Noticed a hellephant
  2302 | D        | Found the +4 Cigotuvi's embrace {rMiasma Drain rN+}
  2302 | D        | Noticed a searing wretch
  2302 | D        | Noticed a searing wretch
  2302 | D        | Noticed a searing wretch
  2302 | D        | Noticed a hellephant
  2302 | D        | Noticed a hellephant
  2303 | D        | Noticed a searing wretch
  2303 | D        | Noticed a searing wretch
  2303 | D        | Noticed a hellephant
  2303 | D        | Noticed a Brimstone Fiend
  2303 | D        | Noticed a hellephant
  2303 | D        | Noticed a hellephant
  2303 | D        | Noticed a hellephant
  2303 | D        | Identified the ring "Ideapoda" {Fire rPois rCorr Str-3
                  | Int+8}
  2303 | D        | Identified the ring "Giynweewn" {rPois rF+}
  2304 | D        | Killed a hellephant
  2304 | D        | Killed a hellephant
  2304 | D        | Killed a searing wretch
  2304 | D        | Killed a searing wretch
  2304 | D        | Killed a hellephant
  2304 | D        | Killed a searing wretch
  2304 | D        | Killed a hellephant
  2304 | D        | Killed a Brimstone Fiend
  2304 | D        | Killed a Brimstone Fiend
  2304 | D        | Killed a Brimstone Fiend
  2304 | D        | Killed a hellephant
  2304 | D        | Killed a hellephant
  2304 | D        | Killed a searing wretch
  2304 | D        | Noticed a hellephant
  2304 | D        | Noticed a searing wretch
  2305 | D        | Gained mutation: You have a pair of large antennae on your
                  | head. (SInv) [demonic ancestry]
  2305 | D        | Reached XP level 18. HP: 163/182 MP: 13/35
  2305 | D        | Killed a Brimstone Fiend
  2305 | D        | Killed a searing wretch
  2305 | D        | Killed a hellephant
  2305 | D        | Killed a searing wretch
  2305 | D        | Killed a searing wretch
  2305 | D        | Killed a searing wretch
  2305 | D        | Killed a searing wretch
  2305 | D        | Killed a searing wretch
  2305 | D        | Killed a hellephant
  2305 | D        | Killed a hellephant
  2305 | D        | Noticed a hellephant
  2305 | D        | Noticed a hellephant
  2305 | D        | Noticed a hellephant
  2305 | D        | Noticed a searing wretch
  2305 | D        | Killed a searing wretch
  2307 | D        | Noticed a searing wretch
  2307 | D        | Noticed a searing wretch
  2307 | D        | Noticed a Brimstone Fiend
  2308 | D        | Noticed a hellephant
  2308 | D        | Noticed a searing wretch
  2309 | D        | Found a transporter.
  2310 | D        | Noticed a Brimstone Fiend
  2315 | D        | Noticed a hellephant
  2316 | D        | Killed a searing wretch
  2316 | D        | Killed a searing wretch
  2316 | D        | Killed a searing wretch
  2316 | D        | Killed a searing wretch
  2316 | D        | Killed a hellephant
  2316 | D        | Killed a Brimstone Fiend
  2316 | D        | Killed a Brimstone Fiend
  2316 | D        | Killed a hellephant
  2317 | D        | Reached skill level 15 in Evocations
  2317 | D        | Killed a hellephant
  2317 | D        | Killed a hellephant
  2318 | D        | Reached skill level 27 in Shields
  2323 | D        | Killed a searing wretch
  2325 | D        | Killed a hellephant
  2335 | D        | Killed a hellephant
  2344 | D        | Killed a hellephant
  2362 | D        | Got the ring of the Twenty Yaks {Contam rC+ Dex+5}
  2406 | D        | Got the ring of Izebru Kiah {Fire Drain Fly rCorr}
  2433 | D        | Got the Orb of Zot
  2580 | D        | Noticed a Brimstone Fiend
  2584 | D        | Killed a Brimstone Fiend
  2948 | D        | Gained mutation: You may rarely emit foul miasma when
                  | damaged in melee. [demonic ancestry]
  2948 | D        | Reached XP level 19. HP: 187/189 MP: 27/36
  3088 | D        | Noticed Ubre Dauruth the pandemonium lord
  3111 | D        | Killed Ubre Dauruth the pandemonium lord
  3856 | D        | Reached skill level 27 in Dodging
  3935 | D        | Noticed Umak the pandemonium lord
  3942 | D        | Reached skill level 27 in Axes
  3947 | D        | Killed Umak the pandemonium lord
  4037 | D        | Reached skill level 27 in Armour
  5180 | D        | Noticed a Tzitzimitl
  5186 | D        | Killed a Tzitzimitl
  6083 | D        | Noticed Otymm the pandemonium lord
  6112 | D        | Killed Otymm the pandemonium lord
  6340 | D        | Noticed Oduk Uni the pandemonium lord
  6340 | D        | Noticed a Tzitzimitl
  6351 | D        | Killed a Tzitzimitl
  6353 | D        | Killed Oduk Uni the pandemonium lord
  7384 | D        | Killed a profane servitor
  7603 | D        | Reached skill level 27 in Evocations
  7603 | D        | Reached skill level 1 in Spellcasting
  7618 | D        | Killed a Brimstone Fiend
  7749 | D        | Killed a Tzitzimitl
  8165 | D        | Reached skill level 5 in Short Blades
  8165 | D        | Reached skill level 5 in Maces & Flails
  8165 | D        | Reached skill level 5 in Unarmed Combat
  8165 | D        | Reached skill level 5 in Transmutations
  8326 | D        | Noticed a profane servitor
  8344 | D        | Killed a profane servitor
  8621 | D        | Reached skill level 5 in Necromancy
  8682 | D        | Noticed Pawah the pandemonium lord
  8696 | D        | Killed Pawah the pandemonium lord
  8697 | D        | Reached skill level 5 in Spellcasting
  8702 | D        | Killed a Tzitzimitl
  8961 | D        | Got the Orb of Zot
  9147 | D        | Escaped with the Orb!

Illustrated notes

Levels and vault maps discovered:
D:        sprint_v [room_start, room_1, room_2, room_3, room_4, room_5, room_6,
          room_7, room_8, room_9, room_10, room_11, room_12, room_13, room_14,
          room_15, room_16, room_17, room_18, room_19, room_20, room_21,
          room_22, room_23, room_24, room_25, room_26, room_27]

Skill      XL: |  1  2  3  4  5  6  7  8  9 10 11 12 13 14 15 16 17 18 19 |
---------------+----------------------------------------------------------+-----
Invocations    | 9 11 12 13 14 16 17 20 23 24 27 | 27.0
Fighting       | 4 5 6 7 8 9 11 13 15 18 22 27 | 27.0
Axes           | 3 4 5 6 7 8 10 11 12 14 16 18 21 24 26 27 | 27.0
Armour         | 2 3 4 5 6 7 9 11 12 13 16 18 21 24 26 27 | 27.0
Dodging        | 3 4 5 6 7 8 10 11 12 14 16 18 21 24 26 27 | 27.0
Shields        | 2 3 4 5 6 7 9 11 12 13 16 18 23 25 27 | 27.0
Evocations     | 12 17 27 | 27.0
Short Blades   | 8 |  8.8
Maces & Flails | 8 |  8.8
Unarmed Combat | 8 |  8.8
Spellcasting   | 6 |  6.1
Transmutations | 8 |  8.9
Necromancy     | 7 |  7.0
Stealth        | |  1.7

Action                   |  1- 3 |  4- 6 |  7- 9 | 10-12 | 13-15 | 16-18 | 19-21 || total
-------------------------+-------+-------+-------+-------+-------+-------+-------++-------
Melee: Broad axe         |     4 |     5 |    20 |    47 |    46 |    71 |   261 ||   454
Invok: Disaster Area     |       |       |       |     6 |    10 |     7 |     3 ||    26
       Elemental Force   |       |       |       |       |     2 |       |       ||     2
  Use: Potion            |     1 |       |       |     6 |     6 |    12 |     3 ||    28
 Stab: Petrifying        |       |       |       |       |       |     1 |       ||     1
       Petrified         |       |       |       |       |       |     1 |       ||     1
       Distracted        |       |       |       |       |       |       |     1 ||     1
Armor: Gold dragon scale |       |     1 |    15 |    18 |    21 |    35 |    35 ||   125
Dodge: Dodged            |       |     1 |     1 |     3 |    10 |    45 |    53 ||   113
       Repelled          |       |       |       |       |       |     8 |     1 ||     9
Block: Kite shield       |     6 |     4 |    48 |   105 |   109 |    11 |       ||   283
       Reflection        |       |       |       |       |     4 |    24 |    11 ||    39
       Buckler           |       |       |       |       |       |    95 |   162 ||   257

Table legend: (Time is in decaauts)
 A = Elapsed time spent in this place.
 B = Non-inter-level travel time spent in this place.
 C = Inter-level travel time spent in this place.
 D = Time resting spent in this place.
 E = Time spent auto-exploring this place.
 F = Levels seen in this place.
 G = Mean time per level.
                   A        B        C        D        E       F      G
               +--------+--------+--------+--------+--------+-----+--------+
         Total |   8944 |   8944 |      0 |   7102 |      0 |   1 | 8944.0 |
       Dungeon |   8944 |   8944 |      0 |   7102 |      0 |   1 | 8944.0 |
               +--------+--------+--------+--------+--------+-----+--------+

Top non-repeatable levels by time:
       D: 8944 daAuts
